 Dungeon Crawl Stone Soup version 0.31-a0-441-g867994ef1c (webtiles) character file.

Game seed: 7542069753441807846

105064 ragingrage the Markshill orc (level 16, -3/146 HPs)
             Began as a Hill Orc Hunter on Aug 2, 2023.
             Was the Champion of Nemelex Xobeh.
             Slain by a spriggan rider
             ... wielding a +0 spear
             ... led by a spriggan druid
              (15 damage)
             ... on level 1 of the Swamp on Aug 3, 2023.
             The game lasted 00:38:20 (25390 turns).

ragingrage the Markshill orc (Hill Orc Hunter)     Turns: 25390, Time: 00:38:21

Health: -3/146     AC: 12    Str: 16    XL:     16   Next: 40%
Magic:  28/28      EV: 21    Int:  9    God:    Nemelex Xobeh [******]
Gold:   2639       SH:  0    Dex: 26    Spells: 15/15 levels left

rFire   . . .        l - +27 heavy crossbow "Sniper" {heavy, Acc+∞ SInv}
rCold   . . .        (shield currently unavailable)
rNeg    + . .        X - +2 troll leather armour {Snorg}
rPois   +            j - +0 helmet of the Snake Pit {Rampage rN+}
rElec   .            (no cloak)
rCorr   .            Q - +2 pair of gloves
SInv    +            n - +0 pair of boots of Gint {Slay+6}
Will    +....        r - amulet of regeneration
Stlth   ++           b - ring of poison resistance
HPRegen 2.04/turn    U - +6 ring of dexterity
MPRegen 0.21/turn

%: rampage
@: studying Dodging
A: no striking features
a: Renounce Religion, Draw Escape, Draw Destruction, Draw Summoning, Triple
Draw, Deal Four, Stack Five


You were on level 1 of the Swamp.
You worshipped Nemelex Xobeh.
Nemelex Xobeh was exalted by your worship.
You visited 5 branches of the dungeon, and saw 24 of its levels.
You also visited: Ossuary, Gauntlet and Volcano.

You collected 3072 gold pieces.
You spent 433 gold pieces at shops.

Inventory:

Hand Weapons
 l - the +27 heavy crossbow "Sniper" (weapon) {heavy, Acc+∞ SInv}
   (You acquired it on level 14 of the Dungeon)

   Acc+∞: It never misses its target.
   SInv:      It lets you see invisible.
Missiles
 t - 11 curare-tipped darts
 T - 4 throwing nets
Armour
 j - the +0 helmet of the Snake Pit (worn) {Rampage rN+}
   (You found it in a Gauntlet)

   rN:        It protects you from negative energy.
   Rampage:   It bestows one free step when moving towards enemies.
 n - the +0 pair of boots of Gint (worn) {Slay+6}
   (You found it in a Gauntlet)

   Slay:      It affects your accuracy & damage with ranged weapons and melee
   (+6).
 v - the +0 ring mail "Wuwex" {rElec SInv}
   (You found it on level 14 of the Dungeon)

   rElec:     It insulates you from electricity.
   SInv:      It lets you see invisible.
 M - a +1 cloak of willpower
 N - the +1 robe "Kibud" {rF+ Will++ Dex+5}
   (You found it on level 1 of the Lair of Beasts)

   Dex:       It affects your dexterity (+5).
   rF:        It protects you from fire.
   Will:      It greatly increases your willpower.
 Q - a +2 pair of gloves (worn)
 X - a +2 troll leather armour (worn) {Snorg}
Jewellery
 b - a ring of poison resistance (left hand)
 r - an amulet of regeneration (around neck)
 G - a ring of willpower
 U - a +6 ring of dexterity (right hand)
 Y - a ring of positive energy
Wands
 q - a wand of polymorph (39)
 w - a wand of quicksilver (6)
 y - a wand of flame (59)
 I - a wand of charming (2)
 O - a wand of iceblast (11)
 V - a wand of mindburst (14)
Scrolls
 a - a scroll of enchant armour
 g - 2 scrolls of revelation
 k - 3 scrolls of blinking
 o - 6 scrolls of poison
 p - 2 scrolls of teleportation
 s - a scroll of fear
 x - 3 scrolls of vulnerability
 E - 3 scrolls of fog
 H - a scroll of brand weapon
 J - 3 scrolls of torment
 L - a scroll of immolation {unknown}
 R - a scroll of butterflies
 W - 2 scrolls of silence
 Z - a scroll of noise {unknown}
Potions
 e - 5 potions of haste
 f - 6 potions of mutation
 h - 4 potions of cancellation
 i - 3 potions of resistance
 m - 2 potions of attraction
 z - 5 potions of lignification
 A - a potion of invisibility
 B - 2 potions of ambrosia
 C - a potion of curing
 D - 3 potions of might
 F - 2 potions of enlightenment
 K - 6 potions of heal wounds
 P - 2 potions of brilliance
Miscellaneous
 c - a condenser vane
 d - a phantom mirror
 u - a phial of floods
 S - a sack of spiders


   Skills:
 - Level 14.0 Fighting
 + Level 18.3 Ranged Weapons
 - Level 5.0 Armour
 + Level 10.2 Dodging
 - Level 2.0 Stealth
 + Level 16.1 Invocations
 + Level 4.7 Evocations


You had 15 spell levels left.
You didn't know any spells.
Your spell library contained the following spells:

 Spells                   Type           Power      Damage    Failure   Level
 Apportation              Tloc           0%         N/A       43%         1
 Necrotise                Necr           0%         1d4       43%         1
 Summon Small Mammal      Summ           0%         N/A       43%         1
 Call Canine Familiar     Summ           0%         N/A       82%         3
 Dazzling Flash           Conj/Hex       0%         N/A       82%         3
 Ozocubu's Armour         Ice            0%         N/A       82%         3
 Portal Projectile        Hex/Tloc       0%         N/A       82%         3
 Tukima's Dance           Hex            0%         N/A       82%         3
 Volatile Blastmotes      Fire/Tloc      0%         2d10      82%         3
 Animate Dead             Necr           0%         N/A       99%         4
 Fulminant Prism          Conj/Hex       0%         3d5       99%         4
 Iskenderun's Mystic Bla  Conj/Tloc      0%         2d3       99%         4
 Leda's Liquefaction      Hex/Erth       0%         N/A       99%         4
 Agony                    Necr           0%         N/A       100%        5
 Alistair's Intoxication  Tmut/Pois      0%         N/A       100%        5
 Borgnjor's Vile Clutch   Necr/Erth      0%         N/A       100%        5
 Silence                  Hex/Air        0%         N/A       100%        5
 Death Channel            Necr           0%         N/A       100%        6
 Eringya's Noxious Bog    Tmut/Pois      0%         4d6       100%        6
 Simulacrum               Ice/Necr       0%         N/A       100%        6
 Starburst                Conj/Fire      0%         6d3       100%        6
 Summon Cactus Giant      Summ           0%         N/A       100%        6
 Ozocubu's Refrigeration  Ice            0%         4d7       100%        7


Dungeon Overview and Level Annotations

Branches:
Dungeon (15/15)            Temple (1/1) D:5            Lair (5/5) D:11
  Swamp (1/4) Lair:2       Spider (0/4) Lair:3        Slime (0/5) Lair:5
    Orc (2/2) D:9             Elf (0/3) Orc:2        Vaults (0/5) D:14
 Depths (0/4) D:15        Ossuary (visited)         Volcano (visited)
Gauntlet (visited)

Altars:
Ashenzari
Cheibriados
Dithmenos
Elyvilon
Fedhas
Gozag
Hepliaklqana
Kikubaaqudgha
Makhleb
Nemelex Xobeh
Okawaru
Qazlal
Ru
Sif Muna
Trog
Uskayaw
Vehumet
Wu Jian
Xom
Yredelemnul
Zin
The Shining One
Beogh
Jiyva

Shops:
D:5 :   Orc:1 [   Orc:2 (*:[

Annotations:
D:2 Sigmund
D:5 exclusion: downstairs
D:6 3 runed translucent doors, Gelion's ghost, novice OpSh; Xavori's ghost, novice DjCK
D:7 exclusion: downstairs
D:8 2 transporters, Grum; bchevrier's ghost, novice MiFi
Lair:4 exclusion: downstairs
Orc:1 2 transporters, petzl's ghost, journeyman FoDe


Message History

You are hit by a branch.
You are hit by a branch!
There is a staircase back to the Lair, spattered with blood here.
Unknown command.
Fire: l) +27 heavy crossbow "Sniper" {heavy, Acc+∞ SInv}
Press: ? - help, Q - select action, (/) - cycle Shift-Dir - straight line, f - spriggan druid
Aim: a spriggan druid, wielding a +0 quarterstaff and wearing a +0 robe (100% to hit)
You shoot a bolt. The bolt hits the spriggan druid!!!!
You kill the spriggan druid!
You hear a splash. x2
The forest abruptly stops moving.
A will-o-the-wisp comes into view.
The spriggan hits you with a +0 dagger.
The spriggan rider hits you from afar with a +0 spear!
Fire: l) +27 heavy crossbow "Sniper" {heavy, Acc+∞ SInv}
Press: ? - help, Q - select action, (/) - cycle Shift-Dir - straight line, f - spriggan
Aim: a spriggan, wielding a +0 dagger and wearing a +0 robe (100% to hit)
You shoot a bolt.
The will-o-the-wisp gives a chilling moan.
The bolt hits the spriggan!!!!
You kill the spriggan!
The will-o-the-wisp gestures.
The will-o-the-wisp conjures some foxfire!
The spriggan rider misses you.
The spriggan rider hits you from afar with a +0 spear!!
The will-o-the-wisp gestures.
The will-o-the-wisp conjures some foxfire! 4 foxfires come into view.
Fire: l) +27 heavy crossbow "Sniper" {heavy, Acc+∞ SInv}
Press: ? - help, Q - select action, (/) - cycle Shift-Dir - straight line, f - spriggan rider
Aim: a spriggan rider, wielding a +0 spear (100% to hit)
You shoot a bolt. The bolt hits the spriggan rider!!
The foxfire hits you! The foxfire hits you!! x3
* * * LOW HITPOINT WARNING * * *
The spriggan rider completely misses you.
The spriggan rider hits you from afar with a +0 spear!
* * * LOW HITPOINT WARNING * * *
The spriggan rider hits you from afar with a +0 spear!
You die...
Your body disappears without a glow.

♣♣♣♣♣ ♣♣♣.§
♣♣...♣♣..§§§
♣♣♣♣..~.§~~v§~~
♣...~~§~..§§.~§
♣.§~~~~~~§§..~~
~!)..~~~§§...~§
..~.~..§§~~~...
♣~@~i...~.
♣♣♣)......
♣♣..... ♣♣♣~


You could see a spriggan rider and a will-o-the-wisp.

Vanquished Creatures
  An ironbound preserver (D:14)
  A stone giant (D:15)
  An eleionoma (Lair:2)
  A minotaur (Gauntlet)
  An ettin (Orc:1)
  Josephine (Lair:3)
  Snorg (D:11)
  6 hydras
  An ice dragon (D:14)
  4 catoblepae
  A centaur warrior (D:14)
  A death knight (D:13)
  9 two-headed ogres
  8 death yaks
  2 death scarabs (Gauntlet)
  6 boulder beetles
  3 tengu warriors
  3 orc high priests (Orc:2)
  2 skysharks (Lair:5)
  A death drake (Lair:5)
  2 glowing orange brains
  A spectral death yak (Gauntlet)
  5 skeletal warriors (D:13)
  A spriggan druid (Swamp:1)
  2 spectral hydras (Gauntlet)
  3 bog bodies (Lair:2)
  A lindwurm (Lair:4)
  6 orc knights
  A necromancer (Gauntlet)
  7 orc sorcerers
  4 deep elf pyromancers
  4 cyclopes
  12 ugly things
  5 manticores
  A spectral boulder beetle (Gauntlet)
  7 elephants
  4 slime creatures
  A black mamba (Lair:1)
  A torpor snail (Lair:4)
  7 cane toads
  A gargoyle (D:11)
  10 komodo dragons
  An efreet (D:13)
  3 kobold demonologists
  5 rime drakes
  4 freezing wraiths
  A tengu conjurer (D:13)
  A meliai (D:14)
  2 polar bears
  A tyrant leech (D:14)
  2 hornets
  6 trolls
  14 blink frogs
  8 wraiths
  A spriggan (Swamp:1)
  4 wyverns
  59 yaks
  2 shadows
  A vampire (D:11)
  2 fire bats
  5 basilisks
  A golden eye (Lair:5)
  A neqoxec (D:6)
  8 vampire mosquitoes
  6 steam dragons
  Edmund (D:6)
  4 wargs
  A swamp worm (Lair:2)
  11 water moccasins
  4 hell hounds (Volcano)
  2 acid dragons (D:11)
  Duvessa (D:4)
  28 orc warriors
  An ice beast (D:8)
  4 boggarts
  4 ogres
  7 centaurs
  8 wolves
  A phantom (D:4)
  Blork the orc (D:6)
  5 kobold brigands
  3 elf zombies (Ossuary)
  13 bullfrogs
  A gnoll sergeant (D:11)
  3 scorpions
  4 wights
  Dowan (D:4)
  8 killer bees
  An electric eel (Lair:2)
  2 howler monkeys
  5 hounds
  4 jellies
  A human zombie (Ossuary)
  16 orc priests
  2 iguanas
  A sleepcap (D:5)
  Ijyb (D:4)
  Natasha (thrice) (D:2)
  15 orc wizards
  4 hell rats (Lair:1)
  3 mummies (Ossuary)
  Robin (D:2)
  4 gnolls
  6 adders
  A shadow imp (D:8)
  A white imp (D:7)
  An ufetubus (D:4)
  A dart slug (D:3)
  56 orcs
  4 endoplasms
  3 giant cockroaches
  2 gnoll zombies (Ossuary)
  11 goblins
  7 hobgoblins
  3 jackals (D:1)
  5 quokkas
  9 ball pythons
  2 bats
  2 frilled lizards
  4 goblin zombies (Ossuary)
  A hobgoblin zombie (Ossuary)
  24 kobolds
  2 kobold zombies (Ossuary)
  5 rats
607 creatures vanquished.

Vanquished Creatures (collateral kills)
  Harold (Lair:1)
  A centaur warrior (D:14)
  A death knight (D:11)
  2 two-headed ogres
  A swamp dragon (Lair:5)
  A mana viper (Lair:5)
  A cyclops (Lair:5)
  A black mamba (Lair:1)
  A torpor snail (Lair:1)
  A hornet (D:8)
  A tyrant leech (D:14)
  3 slime creatures (D:14)
  A dream sheep (Lair:5)
  A wyvern (Lair:1)
  2 fire bats (Lair:1)
  A fire elemental (Lair:1)
  A water moccasin (Lair:1)
  An orc warrior (D:8)
  2 wolves (Lair:5)
  2 bullfrogs (Lair:1)
  An orc wizard (D:8)
  An orc (D:8)
28 creatures vanquished.

Vanquished Creatures (others)
  A bloated husk (Swamp:1)
  A spriggan (Swamp:1)
  An acid dragon (D:9)
  A water moccasin (Lair:1)
  4 foxfires (Swamp:1)
8 creatures vanquished.

Grand Total: 643 creatures vanquished

Notes
Turn   | Place    | Note
-------+----------+-------------------------------------------
     0 | D:1      | ragingrage the Hill Orc Hunter began the quest for the Orb.
     0 | D:1      | Reached XP level 1. HP: 18/18 MP: 1/1
   172 | D:1      | Reached skill level 1 in Stealth
   194 | D:1      | Reached XP level 2. HP: 25/25 MP: 2/2
   223 | D:1      | Reached skill level 4 in Ranged Weapons
   433 | D:1      | Reached XP level 3. HP: 29/30 MP: 3/3
   831 | D:2      | Noticed Sigmund
   935 | D:3      | Found an ancient bone altar of Kikubaaqudgha.
  1067 | D:3      | Reached XP level 4. HP: 27/37 MP: 4/4
  1255 | D:4      | Noticed Dowan
  1297 | D:4      | Noticed Duvessa
  1356 | D:4      | Reached skill level 5 in Ranged Weapons
  1529 | D:3      | Noticed a scorpion
  1533 | D:3      | Killed a scorpion
  1534 | D:3      | Reached XP level 5. HP: 42/42 MP: 5/5
  1752 | D:2      | Noticed Natasha
  1762 | D:2      | Killed Natasha
  1970 | D:2      | Noticed Robin
  1998 | D:2      | Killed Robin
  1999 | D:2      | Reached skill level 6 in Ranged Weapons
  2170 | D:2      | Noticed Natasha
  2178 | D:2      | Killed Natasha
  2179 | D:2      | Reached XP level 6. HP: 43/50 MP: 6/6
  2243 | D:2      | Noticed Natasha
  2248 | D:2      | Killed Natasha
  3030 | D:4      | Noticed Ijyb
  3090 | D:4      | Killed Duvessa
  3091 | D:4      | Reached skill level 7 in Ranged Weapons
  3091 | D:4      | Reached XP level 7. HP: 51/56 MP: 7/7
  3109 | D:4      | Killed Dowan
  3307 | D:4      | Killed Ijyb
  3520 | D:5      | Entered Level 5 of the Dungeon
  3662 | D:5      | Reached skill level 8 in Ranged Weapons
  3709 | D:5      | Found Logucag's Book Shoppe.
  3771 | D:5      | Found a sand-covered staircase.
  3778 | Ossuary  | Entered an ossuary
  3778 | Ossuary  | Noticed a wraith
  3778 | Ossuary  | Noticed a wraith
  3778 | Ossuary  | Noticed a wraith
  3897 | Ossuary  | Reached XP level 8. HP: 59/62 MP: 8/8
  4075 | Ossuary  | Reached skill level 9 in Ranged Weapons
  4293 | Ossuary  | Noticed a wraith
  4488 | D:5      | Found a staircase to the Ecumenical Temple.
  4988 | Temple   | Entered the Ecumenical Temple
  5002 | Temple   | Became a worshipper of Nemelex Xobeh the Trickster
  5429 | D:6      | Reached skill level 10 in Ranged Weapons
  5540 | D:6      | Noticed Grinder
  5637 | D:6      | Found a runed translucent gate.
  5637 | D:6      | Found a runed translucent gate.
  5638 | D:6      | Found a runed translucent gate.
  5639 | D:6      | Noticed Gelion's ghost (novice OpSh)
  5639 | D:6      | Noticed Xavori's ghost (novice DjCK)
  5699 | D:6      | Noticed Blork the orc
  5707 | D:6      | Noticed Edmund
  5716 | D:6      | Your ally Blork the orc died
  5810 | D:6      | Found a burning altar of Makhleb.
  5846 | D:6      | Killed Edmund
  5979 | D:6      | Reached XP level 9. HP: 20/68 MP: 9/9
  6122 | D:6      | Grinder changed into Grinder the neqoxec
  6122 | D:6      | Noticed Grinder
  6136 | D:6      | Killed Grinder the neqoxec
  6137 | D:6      | Reached skill level 11 in Ranged Weapons
  7131 | D:6      | Reached skill level 12 in Ranged Weapons
  7613 | D:7      | Noticed a hornet
  7621 | D:7      | Killed a hornet
  7919 | D:7      | Reached * piety under Nemelex Xobeh
  8116 | D:8      | Noticed a hornet
  8140 | D:8      | Reached XP level 10. HP: 72/74 MP: 10/10
  8218 | D:8      | Reached skill level 13 in Ranged Weapons
  8656 | D:8      | Received a gift from Nemelex Xobeh
  8800 | D:8      | Noticed Grum
  8873 | D:8      | Noticed bchevrier's ghost (novice MiFi)
  8894 | D:8      | Found a transporter.
  8967 | D:8      | Found a transporter.
  9430 | D:9      | Found a blossoming altar of Fedhas.
  9537 | D:9      | Received a gift from Nemelex Xobeh
  9574 | D:9      | Reached ** piety under Nemelex Xobeh
  9631 | D:9      | Reached skill level 14 in Ranged Weapons
  9764 | D:9      | Noticed a kobold demonologist
  9767 | D:9      | Noticed a kobold demonologist
  9769 | D:9      | Killed a kobold demonologist
  9770 | D:9      | Reached skill level 1 in Invocations
  9776 | D:9      | Killed a kobold demonologist
  9778 | D:10     | Entered Level 10 of the Dungeon
 10128 | D:9      | Found a staircase to the Orcish Mines.
 10460 | D:9      | Reached skill level 5 in Fighting
 10460 | D:9      | Reached XP level 11. HP: 86/86 MP: 14/14
 11156 | D:10     | Noticed a two-headed ogre
 11163 | D:10     | Killed a two-headed ogre
 11164 | D:10     | Reached skill level 5 in Invocations
 11235 | D:10     | Got The Advanced Guide to the Power of Words
 11475 | D:10     | Received a gift from Nemelex Xobeh
 11509 | D:10     | Noticed a cyclops
 11539 | D:10     | Killed a cyclops
 11601 | D:10     | Found an opulent altar of Gozag.
 11770 | D:10     | Noticed a two-headed ogre
 11780 | D:10     | Killed a two-headed ogre
 11781 | D:10     | Reached skill level 15 in Ranged Weapons
 11833 | D:10     | Noticed a two-headed ogre
 11837 | D:10     | Killed a two-headed ogre
 11900 | D:10     | Reached *** piety under Nemelex Xobeh
 12278 | D:11     | Noticed a two-headed ogre
 12282 | D:11     | Noticed a boulder beetle
 12284 | D:11     | Killed a two-headed ogre
 12296 | D:11     | Killed a boulder beetle
 12338 | D:11     | Received a gift from Nemelex Xobeh
 12338 | D:11     | Noticed Snorg
 12347 | D:11     | Killed Snorg
 12432 | D:11     | Noticed a boulder beetle
 12443 | D:11     | Killed a boulder beetle
 12444 | D:11     | Reached skill level 16 in Ranged Weapons
 12471 | D:11     | Noticed a two-headed ogre
 12475 | D:11     | Killed a two-headed ogre
 12476 | D:11     | Reached XP level 12. HP: 74/94 MP: 18/18
 12498 | D:11     | Noticed a boulder beetle
 12516 | D:11     | Killed a boulder beetle
 12572 | D:11     | Noticed a two-headed ogre
 12585 | D:11     | Killed a two-headed ogre
 12793 | D:11     | Reached skill level 17 in Ranged Weapons
 12881 | D:11     | Noticed a two-headed ogre
 12885 | D:11     | Killed a two-headed ogre
 12947 | D:11     | Found a staircase to the Lair.
 13050 | D:11     | Noticed a two-headed ogre
 13051 | D:11     | Noticed a boulder beetle
 13051 | D:11     | Noticed a death knight
 13082 | D:11     | Killed a two-headed ogre
 13102 | D:11     | Killed a death knight
 13126 | D:11     | Killed a boulder beetle
 13321 | Lair:1   | Entered Level 1 of the Lair of Beasts
 13361 | Lair:1   | Reached skill level 18 in Ranged Weapons
 13447 | Lair:1   | Noticed Harold
 13451 | Lair:1   | Killed Harold
 13452 | Lair:1   | Reached skill level 1 in Armour
 13479 | Lair:1   | Reached XP level 13. HP: 101/101 MP: 19/19
 13706 | Lair:1   | Received a gift from Nemelex Xobeh
 13784 | Lair:1   | Identified the +1 robe "Kibud" {rF+ Will++ Dex+5}
 14379 | Lair:2   | Reached **** piety under Nemelex Xobeh
 14661 | Lair:2   | Received a gift from Nemelex Xobeh
 14879 | Lair:2   | Found a staircase to the Swamp.
 14921 | Lair:2   | Reached skill level 10 in Invocations
 15180 | Lair:3   | Reached skill level 5 in Armour
 15221 | Lair:3   | Noticed Josephine
 15223 | Lair:3   | Killed Josephine
 15616 | Lair:3   | Reached skill level 5 in Dodging
 15704 | Lair:3   | Received a gift from Nemelex Xobeh
 15823 | Lair:3   | Reached ***** piety under Nemelex Xobeh
 15826 | Lair:3   | Identified the +4 scale mail "Jezionyl" {-Tele rC+ rCorr
                  | Str+7}
 15856 | Lair:3   | Found a hole to the Spider Nest.
 16227 | Lair:4   | Reached XP level 14. HP: 112/116 MP: 22/22
 16344 | Lair:4   | Received a gift from Nemelex Xobeh
 16761 | Lair:4   | Received a gift from Nemelex Xobeh
 16997 | Lair:5   | Entered Level 5 of the Lair of Beasts
 17083 | Lair:5   | Found a dark tunnel.
 17101 | Volcano  | Entered a volcano
 17176 | Volcano  | Reached skill level 10 in Fighting
 17636 | Lair:5   | Received a gift from Nemelex Xobeh
 17771 | Lair:5   | Found a viscous altar of Jiyva.
 17848 | Lair:5   | Found a staircase to the Slime Pits.
 18612 | Lair:5   | Reached XP level 15. HP: 59/132 MP: 25/25
 18692 | Lair:5   | Identified the +0 ring mail "Geunk" {Dex+2}
 19102 | Lair:5   | Found a viscous altar of Jiyva.
 19103 | Lair:5   | Found a staircase to the Slime Pits.
 19610 | D:12     | Received a gift from Nemelex Xobeh
 20186 | D:12     | Received a gift from Nemelex Xobeh
 20731 | D:13     | Received a gift from Nemelex Xobeh
 20793 | D:14     | Identified the +0 hand axe of Oroth {flame, Str+2}
 20828 | D:14     | Found a gate leading to a gauntlet.
 20841 | Gauntlet | Entered a Gauntlet
 20841 | Gauntlet | Found a transporter.
 20841 | Gauntlet | Found a transporter.
 20846 | Gauntlet | Found a transporter.
 20861 | Gauntlet | Found a transporter.
 20877 | Gauntlet | Found a transporter.
 20891 | Gauntlet | Found a transporter.
 20907 | Gauntlet | Found a transporter.
 20978 | Gauntlet | Received a gift from Nemelex Xobeh
 20981 | Gauntlet | Found a transporter.
 20994 | Gauntlet | Found a transporter.
 20999 | Gauntlet | Reached ****** piety under Nemelex Xobeh
 21010 | Gauntlet | Found a transporter.
 21022 | Gauntlet | Found a transporter.
 21038 | Gauntlet | Found a transporter.
 21111 | Gauntlet | Found a transporter.
 21115 | Gauntlet | Found a transporter.
 21126 | Gauntlet | Found a transporter.
 21141 | Gauntlet | Found a transporter.
 21258 | Gauntlet | Identified the +0 helmet of the Snake Pit {Rampage rN+}
 21310 | Gauntlet | Identified the +0 pair of boots of Gint {Slay+6}
 21345 | Gauntlet | Identified the +1 helmet of Lies {Rampage *Slow Slay+3}
 21365 | Gauntlet | Reached skill level 15 in Invocations
 21563 | D:14     | Reached skill level 1 in Evocations
 21587 | D:14     | Found a gate to the Vaults.
 21648 | D:14     | Received a gift from Nemelex Xobeh
 21999 | D:14     | Identified the +0 ring mail "Wuwex" {rElec SInv}
 22481 | D:14     | Identified a scroll of acquirement
 22482 | D:14     | Acquired the +27 heavy crossbow "Sniper" {heavy, Acc+∞
                  | SInv}
 22482 | D:14     | Found the +27 heavy crossbow "Sniper" {heavy, Acc+∞ SInv}
 22597 | D:15     | Entered Level 15 of the Dungeon
 22614 | D:15     | Received a gift from Nemelex Xobeh
 22734 | D:15     | Reached XP level 16. HP: 145/145 MP: 27/27
 22846 | D:15     | Acquired a manual of Dodging
 22888 | D:15     | Found a broken altar of Ashenzari.
 23138 | D:15     | Found a staircase to the Depths.
 23635 | Orc:1    | Entered Level 1 of the Orcish Mines
 23825 | Orc:2    | Entered Level 2 of the Orcish Mines
 23881 | Orc:2    | Found a roughly hewn altar of Beogh.
 23972 | Orc:2    | Received a gift from Nemelex Xobeh
 24207 | Orc:2    | Found a staircase to the Elven Halls.
 24290 | Orc:2    | Reached skill level 10 in Dodging
 24400 | Orc:2    | Found Milecis's Armour Boutique.
 24400 | Orc:2    | Found Dyazxe's Weapon Boutique.
 24401 | Orc:2    | Found Lucoh's Book Emporium.
 24401 | Orc:2    | Found Jeijor's Assorted Antiques.
 24473 | Orc:2    | Bought a scroll of blinking for 202 gold pieces
 24609 | Orc:2    | Found a roughly hewn altar of Beogh.
 24697 | Orc:1    | Found Uget's Armour Emporium.
 24715 | Orc:1    | Bought a +1 cloak of willpower for 231 gold pieces
 24777 | Orc:1    | Found a transporter.
 24801 | Orc:1    | Found a bloodstained altar of Trog.
 24881 | Orc:1    | Noticed petzl's ghost (journeyman FoDe)
 24882 | Orc:1    | Found a transporter.
 24939 | Orc:1    | Received a gift from Nemelex Xobeh
 25150 | Swamp:1  | Entered Level 1 of the Swamp
 25390 | Swamp:1  | Slain by a spriggan rider

Illustrated notes

Levels and vault maps discovered:
D:1:      co_arrival_random_square_maze, layout_basic
D:2:      layout_loops_ring, uniq_robin, uniq_natasha, uniq_sigmund
D:3:      layout_loops_cross, amcnicky_altar_gilded
D:4:      layout_basic, uniq_duvessa, uniq_ijyb
D:5:      layout_basic, temple_doors_e, chequers_ossuary_entry_cave,
          serial_shops, shop
D:6:      layout_gridville, lemuel_tele_altar, gammafunk_ghost_cemetery,
          uniq_edmund, uniq_grinder, uniq_blork_the_orc
D:7:      layout_cave_pools
D:8:      layout_rooms, gammafunk_ghost_gnarly_gnolls, hex_large,
          minmay_misc_feat_five
D:9:      layout_layer_cave, fedhas_ov_isle_minmay, david_orc_3
D:10:     layout_loops_corners, kennysheep_mini_moat, minivault_1,
          minmay_increasing_density
D:11:     nzn_winding_woodlands_three_and_one [nzn_winding_woodlands_5x15_twine,
          nzn_winding_woodlands_5x15_crooked,
          nzn_winding_woodlands_5x15_sidewinder,
          nzn_winding_woodlands_center_triple_pond], layout_rooms,
          grunt_lair_entry_orc_guard_hut, uniq_snorg
D:12:     layout_basic, corexii_mini_fake_secret_closet
D:13:     layout_roguey
D:14:     layout_roguey, hellmonk_vaults_order_and_chaos,
          gauntlet_entry_generic, st_stairs_4, chequers_serial_rivers_micro_a,
          wad_mini_maze
D:15:     grunt_enter_depths_snipers, layout_layer_cave,
          ashenzari_conservatory_becter
Temple:   mainiacjoe_temple_bowtie_tessellation
Lair:1:   layout_gridlike, uniq_harold
Lair:2:   layout_small_grid, nicolae_swamp_entry_splash_gauntlet
Lair:3:   layout_regular_city, dummy_spider_entry, st_stairs_4,
          cheibrodos_lair_caveside_slide, grunt_megastairs_4, uniq_josephine
Lair:4:   layout_cave_pods
Lair:5:   evilmike_catoblepas_cave, layout_regular_city,
          minmay_slime_entry_pillars, nicolae_volcano_entry_lava_flow
Swamp:1:  layout_basic_swamp, evilmike_swamp_ruin_house_4, swamp_pool3
Orc:1:    layout_caves, gammafunk_ghost_wrathful_warriors, serial_shops, shop
Orc:2:    st_orc_elflike, layout_diamond_mine, hangedman_feature_mirror

Skill      XL: |  1  2  3  4  5  6  7  8  9 10 11 12 13 14 15 16 |
---------------+-------------------------------------------------+-----
Stealth        | 1 2 |  2.0
Ranged Weapons | 4 5 6 7 8 10 12 14 16 18 | 18.3
Fighting       | 5 8 11 13 14 | 14.0
Invocations    | 4 8 11 13 15 16 | 16.1
Armour         | 1 5 |  5.0
Dodging        | 2 5 7 9 10 | 10.2
Evocations     | 3 4 |  4.7

Action                     |  1- 3 |  4- 6 |  7- 9 | 10-12 | 13-15 | 16-18 || total
---------------------------+-------+-------+-------+-------+-------+-------++-------
  Melee: Arbalest          |       |       |       |       |     4 |       ||     4
   Fire: Shortbow          |   117 |   138 |   586 |    32 |       |       ||   873
         Arbalest          |       |       |       |   405 |   564 |       ||   969
         Orcbow            |       |       |       |     8 |       |       ||     8
         Heavy crossbow    |       |       |       |       |    18 |   112 ||   130
  Throw: Dart              |     2 |     3 |     8 |    17 |       |       ||    30
 Invoke: Draw Summoning    |       |       |       |     4 |     7 |       ||    11
         Draw Destruction  |       |       |       |     4 |    24 |     3 ||    31
  Evoke: Wand              |       |       |     5 |     2 |     1 |     1 ||     9
    Use: Potion            |       |     1 |       |     3 |     5 |       ||     9
         Scroll            |       |       |     7 |    14 |    16 |     3 ||    40
 Armour: Leather armour    |    19 |    12 |    85 |       |       |       ||   116
         Robe              |       |       |    27 |       |     2 |       ||    29
         Steam dragon scal |       |       |       |    20 |       |       ||    20
         Troll leather arm |       |       |       |    37 |    99 |    21 ||   157
  Dodge: Dodged            |    30 |    43 |   214 |   147 |   282 |   114 ||   830

Table legend: (Time is in decaauts)
 A = Elapsed time spent in this place.
 B = Non-inter-level travel time spent in this place.
 C = Inter-level travel time spent in this place.
 D = Time resting spent in this place.
 E = Time spent auto-exploring this place.
 F = Levels seen in this place.
 G = Mean time per level.
                   A        B        C        D        E       F      G
               +--------+--------+--------+--------+--------+-----+--------+
         Total |  25987 |  24201 |   1786 |   4051 |  14815 |  27 |  962.5 |
       Dungeon |  16479 |  15135 |   1344 |   3176 |   8902 |  15 | 1098.6 |
        Temple |     22 |      3 |     19 |      0 |      0 |   1 |   22.0 |
          Lair |   6484 |   6134 |    350 |    648 |   4317 |   5 | 1296.8 |
         Swamp |     13 |     13 |      0 |      0 |      0 |   1 |   13.0 |
  Orcish Mines |   1534 |   1463 |     71 |    119 |    928 |   2 |  767.0 |
       Ossuary |    561 |    561 |      0 |     61 |    285 |   1 |  561.0 |
       Volcano |    263 |    263 |      0 |     11 |     59 |   1 |  263.0 |
      Gauntlet |    628 |    628 |      0 |     35 |    324 |   1 |  628.0 |
               +--------+--------+--------+--------+--------+-----+--------+

Top non-repeatable levels by time:
  Lair:5: 2273 daAuts
     D:9: 1788 daAuts
     D:6: 1733 daAuts
     D:7: 1370 daAuts
     D:4: 1299 daAuts
    D:14: 1235 daAuts
    D:10: 1206 daAuts
  Lair:2: 1206 daAuts
    D:11: 1126 daAuts
     D:8: 1106 daAuts
     D:5: 1060 daAuts
  Lair:4: 1042 daAuts
  Lair:1: 1003 daAuts
   Orc:2: 1000 daAuts
  Lair:3: 958 daAuts
